 Dungeon Crawl Stone Soup version 0.30-a0-778-g2ef04afb54 (webtiles) character file.

Game seed: 8682160605889704929

20 IndexError the Sneak (level 3, 21/21 HPs)
             Began as a Kobold Brigand on Feb 14, 2023.
             Quit the game on level 1 of the Dungeon on Feb 15, 2023.
             The game lasted 00:05:58 (527 turns).

IndexError the Sneak (Kobold Brigand)                Turns: 527, Time: 00:05:58

Health: 21/21      AC:  2    Str:  8    XL:     3   Next: 0%
Magic:  3/3        EV: 14    Int: 12    God:
Gold:   69         SH:  0    Dex: 18    Spells: 2/2 levels left

rFire   + . .      SeeInvis .    a - +2 dagger
rCold   + . .      Faith    .    (no shield)
rNeg    . . .      Spirit   .    b - +0 robe
rPois   .          Reflect  .    (no helmet)
rElec   .          Harm     .    l - scarf {rC+ rF+}
rCorr   .          Rampage  .    (no gloves)
Will    .....                    (no boots)
Stlth   ++++                     (no amulet)
HPRegen 0.23/turn                (no ring)
MPRegen 0.08/turn                (no ring)

@: no status effects
A: small, no large weapons, nightstalker 3
a: no special abilities


You were on level 1 of the Dungeon.
You visited 1 branch of the dungeon, and saw 1 of its levels.

You collected 69 gold pieces.

Inventory:

Hand Weapons
 a - a +2 dagger (weapon)
Missiles
 d - 9 poisoned darts (quivered)
 e - 3 curare-tipped darts
 i - 11 stones
Armour
 b - a +0 robe (worn)
 c - a +0 cloak
 l - a scarf of resistance (worn)
   (You found it on level 1 of the Dungeon)
 m - a +0 scale mail
   (You found it on level 1 of the Dungeon)
Scrolls
 f - 2 scrolls of identify {unknown}
 h - a scroll of vulnerability {unknown}
 j - a scroll of blinking {unknown}
 k - a scroll of magic mapping {unknown}
Potions
 g - a potion of magic {unknown}
 n - a potion of mutation {unknown}


   Skills:
 - Level 2.1 Fighting
 - Level 2.6 Short Blades
 * Level 3.2 Throwing
 - Level 1.2 Dodging
 + Level 5.7 Stealth


You had 2 spell levels left.
You didn't know any spells.
Your spell library contained the following spells:

 Spells                   Type           Power      Damage    Failure   Level
 Gell's Gravitas          Tloc           0%         N/A       69%         3
 Teleport Other           Tloc           0%         N/A       69%         3
 Dispersal                Tloc           0%         N/A       100%        6


Dungeon Overview and Level Annotations

Branches:
Dungeon (1/15)

Altars:

Shops:
D:1 *


Innate Abilities, Weirdness & Mutations

You are small and have problems with some larger weapons.
You are completely attuned to the shadows.


Message History

Things that are here:
a +0 club; a goblin corpse
k - a scroll labelled JOICUGGA BOTAEBA Bad channel name for runrest: 'Jiyva says: Divide and consume' Welcome back, IndexError the Kobold Brigand.
Press ? for a list of commands and other information.
A kobold comes into view. It is wielding a +0 dagger.
The kobold shouts!
You throw a poisoned dart.
The poisoned dart barely misses the kobold.
You throw a poisoned dart.
The poisoned dart closely misses the kobold.
You hit the kobold but do no damage. You hit the kobold but do no damage.
The kobold closely misses you.
You hit the kobold but do no damage. The kobold hits you with a +0 dagger.
A dart slug comes into view.
You take 2 damage, and have 15/17 hp.
You hit the kobold. The kobold hits you with a +0 dagger.
You take 1 damage, and have 14/17 hp.
You hit the kobold. The kobold misses you.
You hit the kobold. You throw a poisoned dart.
The poisoned dart hits the dart slug!
The dart slug is poisoned.
You hit the dart slug. You hit the dart slug.
No target in view!
HP restored.
Things that are here:
a +0 dagger; a dart slug corpse; a kobold corpse
d - 8 poisoned darts (gained 2)
d - 9 poisoned darts (gained 1)
You now have 41 gold pieces (gained 13).
A rat comes into view.
A ball python comes into view.
Spoiler Alert: The ball python (wandering) can constrict!
Health restored: 17 Spoiler Alert: The ball python (wandering) can constrict!
Spoiler Alert: The ball python (wandering) can constrict!
Spoiler Alert: The ball python (wandering) can constrict!
Spoiler Alert: The ball python (wandering) can constrict!
The rat misses you.
Spoiler Alert: The ball python (wandering) can constrict!
You closely miss the rat.
The ball python hisses angrily.
Spoiler Alert: The ball python can constrict!
You hit the rat.
The ball python bites you but does no damage.
The ball python closely misses you.
You closely miss the ball python.
The ball python bites you but does no damage.
The ball python grabs you. The ball python constricts you.
Spoiler Alert: The ball python can constrict!
You hit the ball python.
l - a scarf of resistance You start removing your armour.
You continue taking off your +0 cloak. x4
You finish taking off your +0 cloak.
You start putting on your armour.
You continue putting on your scarf of resistance. x5
You finish putting on your scarf of resistance.
You feel resistant to extremes of temperature.
A frilled lizard comes into view.
You see here 5 gold pieces.
The frilled lizard hisses angrily.
You miss the frilled lizard. The frilled lizard closely misses you.
You hit the frilled lizard.
You now have 46 gold pieces (gained 5).
You now have 50 gold pieces (gained 4).
m - a +0 scale mail You see here a +0 club.
n - a cyan potion Unknown command.
You open the door.
Found a stone staircase leading down.
Found Dorphel's Assorted Antiques.
You now have 66 gold pieces (gained 16).
There is an entrance to Dorphel's Assorted Antiques here.
You open the door.
There is an open door here.
You see here a +0 dagger.
i - 11 stones (gained 3)
You now have 69 gold pieces (gained 3).
A kobold and a ball python come into view.
Spoiler Alert: The ball python (asleep) can constrict!
A hobgoblin comes into view.
Spoiler Alert: The ball python (asleep) can constrict!
The helpless ball python fails to defend itself.
You impale the ball python!!
You have reached level 3!
Your experience leads to an increase in your attributes!
Increase (s)trength, (i)ntelligence, or (d)exterity?
Bad channel name for runrest: 'Jiyva says: Divide and consume' Welcome back, IndexError the Kobold Brigand.
Press ? for a list of commands and other information.
You have reached level 3!
Your experience leads to an increase in your attributes!
Increase (s)trength, (i)ntelligence, or (d)exterity?
You feel agile. x2
Bad channel name for runrest: 'Jiyva says: Divide and consume' Welcome back, IndexError the Kobold Brigand.
Press ? for a list of commands and other information.
Are you sure you want to abandon this character and quit the game? (Confirm with "yes".)

#### .... . .# .#
....?.g
.#####.###.# ..K!.
...........### ...#
.###)........# #†.#
.# #.#.###.#.###@.#
.###.#............#
.....#####.#.###.##
.##### #.....#.#
.#########.#.#.#.#
...........#.#.#.#
#..#######.#.#.#.#
#..# #####.....#.#
#..# #...........#


You could see a hobgoblin (asleep) and a kobold (asleep).

Vanquished Creatures
  2 dart slugs (D:1)
  3 ball pythons (D:1)
  A goblin (D:1)
  A hobgoblin (D:1)
  3 frilled lizards (D:1)
  4 kobolds (D:1)
  4 rats (D:1)
18 creatures vanquished.

Notes
Turn   | Place    | Note
-------+----------+-------------------------------------------
     0 | D:1      | IndexError the Kobold Brigand began the quest for the Orb.
     0 | D:1      | Reached XP level 1. HP: 12/12 MP: 1/1
   240 | D:1      | Reached XP level 2. HP: 16/17 MP: 2/2
   302 | D:1      | Reached skill level 3 in Throwing
   339 | D:1      | Upgraded the game from 0.30-a0-777-ga9a30cbeda to
                  | 0.30-a0-778-g2ef04afb54
   473 | D:1      | Found Dorphel's Assorted Antiques.
   527 | D:1      | Reached XP level 3. HP: 21/21 MP: 3/3
   527 | D:1      | Quit the game

Illustrated notes

Levels and vault maps discovered:
D:1:      minmay_arrival_stair_chambers, layout_loops_ring, serial_shops,
          nicolae_shop_hallway_stairs

Skill      XL: |  1  2 |
---------------+-------+-----
Throwing       | 3 |  3.2
Fighting       | |  2.1
Short Blades   | |  2.6
Dodging        | |  1.2
Stealth        | |  5.7

Action                     || total
---------------------------++-------
  Melee: Dagger            ||    28
  Throw: Dart              ||    11
   Stab: Sleeping          ||     6
 Armour: Robe              ||     3
  Dodge: Dodged            ||    12

Table legend: (Time is in decaauts)
 A = Elapsed time spent in this place.
 B = Non-inter-level travel time spent in this place.
 C = Inter-level travel time spent in this place.
 D = Time resting spent in this place.
 E = Time spent auto-exploring this place.
 F = Levels seen in this place.
 G = Mean time per level.
                   A        B        C        D        E       F      G
               +--------+--------+--------+--------+--------+-----+--------+
         Total |    522 |    522 |      0 |      0 |    377 |   1 |  522.0 |
       Dungeon |    522 |    522 |      0 |      0 |    377 |   1 |  522.0 |
               +--------+--------+--------+--------+--------+-----+--------+

Top non-repeatable levels by time:
     D:1: 522 daAuts

Table legend:
 A = Kills in this place as a percentage of kills in entire the game.
 B = Kills by you in this place as a percentage of kills by you in the entire game.
 C = Kills by friends in this place as a percentage of kills by friends in the entire game.
 D = Other kills in this place as a percentage of other kills in the entire game.
 E = Experience gained in this place as a percentage of experience gained in the entire game.
 F = Experience gained in this place divided by the number of levels of this place that you have seen.
                   A       B       C       D       E      F
               +-------+-------+-------+-------+-------+----------------------
         Total | 100.0 | 100.0 |   N/A |   N/A | 100.0 |  29.0
       Dungeon | 100.0 | 100.0 |   N/A |   N/A | 100.0 |  29.0
               +-------+-------+-------+-------+-------+----------------------
